 Seeded DCSS version 0.29-a0-472-ge5599a681e (webtiles) character file.

Game seed: 55555555555 (custom seed)

98 a11behringer the Slasher (level 4, -1/26 HPs)
             Began as a Tengu Gladiator on May 23, 2022.
             Slain by an orc
             ... wielding a +0 hand axe
              (6 damage)
             ... on level 3 of the Dungeon.
             The game lasted 00:03:14 (1974 turns).

a11behringer the Slasher (Tengu Gladiator)          Turns: 1974, Time: 00:03:14

Health: -1/26      AC:  3    Str: 14    XL:     4   Next: 71%
Magic:  5/5        EV: 13    Int:  8    God:
Gold:   84         SH:  0    Dex: 18    Spells: 3/3 levels left

rFire   . . .      SeeInvis .   a - +0 long sword
rCold   . . .      Faith    .   (no shield)
rNeg    . . .      Spirit   .   b - +0 leather armour
rPois   .          Reflect  .   c - +0 hat
rElec   .          Harm     .   (no cloak)
rCorr   .          Rampage  .   (no gloves)
Will    .....                   (boots unavailable)
Stlth   ++........              i - amulet of the acrobat
HPRegen 0.08/turn               (no ring)
MPRegen 0.09/turn               (no ring)

@: no status effects
A: beak, talons 3
a: no special abilities


You were on level 3 of the Dungeon.
You visited 1 branch of the dungeon, and saw 3 of its levels.

You collected 84 gold pieces.

Inventory:

Hand Weapons
 a - a +0 long sword (weapon)
 n - a +0 fustibalus
Missiles
 d - 3 throwing nets (quivered)
 e - a javelin
 h - 6 poisoned darts
Armour
 b - a +0 leather armour (worn)
 c - a +0 hat (worn)
Jewellery
 i - an amulet of the acrobat (around neck)
 o - an amulet of faith
Scrolls
 f - a scroll of magic mapping {unknown}
 j - 3 scrolls of teleportation {unknown}
 k - a scroll of fear {unknown}
 q - a scroll of identify {unknown}
Potions
 g - a potion of lignification {unknown}
 l - 2 potions of berserk rage {unknown}
 m - a potion of magic {unknown}
 p - a potion of flight {unknown}


   Skills:
 + Level 2.2 Fighting
 * Level 4.9 Long Blades
 + Level 2.2 Throwing
 + Level 1.0 Armour
 + Level 3.8 Dodging
 + Level 0.5 Stealth


You had 3 spell levels left.
You didn't know any spells.
Your spell library was empty.

Dungeon Overview and Level Annotations

Branches:
Dungeon (3/15)

Altars:
Xom


Innate Abilities, Weirdness & Mutations

You have a beak for a mouth.
You have claws for feet.


Message History

You claw the orc wizard, but do no damage.
The orc wizard is lightly wounded.
The orc wizard hits you with a +0 dagger.
An orc comes into view. It is wielding a +0 hand axe.
You hit the orc wizard.
You claw the orc wizard, but do no damage.
The orc wizard is moderately wounded.
The orc closely misses you.
You hit the orc wizard.
The orc wizard is heavily wounded.
The orc wizard hits you but does no damage.
The orc hits you with a +0 short sword. The orc hits you but does no damage.
You slash the orc wizard!
You kill the orc wizard!
The orc hits you with a +0 short sword. The orc barely misses you.
Your Armour skill increases to level 1!
You hit the orc but do no damage. Your kick misses the orc.
Your peck misses the orc. The orc barely misses you.
You closely miss the orc. The orc hits you with a +0 short sword.
The endoplasm hits you. The orc hits you with a +0 hand axe.
The orc hits you with a +0 short sword.
* * * LOW HITPOINT WARNING * * *
You are too injured to fight recklessly!
You are too injured to fight recklessly!
You are too injured to fight recklessly!
You are too injured to fight recklessly!
You are too injured to fight recklessly!
Unknown command.
You hit the endoplasm but do no damage. You claw the endoplasm.
You kill the endoplasm!
The orc hits you with a +0 hand axe.
* * * LOW HITPOINT WARNING * * *
The orc hits you with a +0 short sword.
* * * LOW HITPOINT WARNING * * *
The orc misses you. The orc completely misses you. The orc misses you.
The orc barely misses you.
You hit the orc but do no damage. The orc barely misses you.
The orc misses you. x2
You hit the orc but do no damage. The orc hits you with a +0 hand axe.
You die...

#### #########.# ....
#.#........ ####
###.#..#.##.#
......#.##.#
#....#.##.# #....#.##.#
#...oo.##)+ +.#
#...@.....# #..
#...#o###.# ### #...#.#
#.# #...#.# #?# ######
.....#.###.# ......
####........###########
####.............###
#############.... #####


You could see 3 orcs.

Vanquished Creatures
  An orc wizard (D:3)
  Terence (D:2)
  An adder (D:2)
  2 dart slugs (D:1)
  7 endoplasms
  2 giant cockroaches
  5 hobgoblins
  3 quokkas
  2 ball pythons
  4 bats (D:2)
  4 frilled lizards
  2 goblins
  A kobold (D:1)
  3 rats
38 creatures vanquished.

Notes
Turn   | Place    | Note
-------+----------+-------------------------------------------
     0 | D:1      | a11behringer the Tengu Gladiator began the quest for the
                  | Orb.
     0 | D:1      | Reached XP level 1. HP: 12/12 MP: 2/2
   116 | D:1      | Reached XP level 2. HP: 16/17 MP: 3/3
   831 | D:1      | Found a faded altar of an unknown god.
   920 | D:1      | Reached skill level 4 in Long Blades
   980 | D:2      | Reached XP level 3. HP: 21/21 MP: 4/4
  1055 | D:2      | Noticed Terence
  1063 | D:2      | Killed Terence
  1230 | D:2      | Found a shimmering altar of Xom.
  1255 | D:2      | Reached XP level 4. HP: 25/26 MP: 5/5
  1969 | D:3      | Reached skill level 1 in Armour
  1974 | D:3      | Slain by an orc

Illustrated notes

Levels and vault maps discovered:
D:1:      spicycebolla_arrival_xxxplode, layout_rooms,
          shapermc_ecumenical_altar_mp_highgroup, minivault_14,
          serial_bayou_ford_a
D:2:      layout_basic, basic_altar, uniq_terence
D:3:      minmay_razor_zed, layout_loops_ring, kennysheep_okawaru_gauntlet,
          minmay_fountain_box, kennysheep_generic_room_10

Skill      XL: |  1  2  3  4 |
---------------+-------------+-----
Long Blades    | 4 |  4.9
Armour         | 1 |  1.0
Fighting       | |  2.2
Throwing       | |  2.2
Dodging        | |  3.8
Stealth        | |  0.5

Action                   |  1- 3 |  4- 6 || total
-------------------------+-------+-------++-------
Melee: Long sword        |    64 |    29 ||    93
       Peck              |     8 |     2 ||    10
       Kick              |    16 |     5 ||    21
 Stab: Sleeping          |     2 |     2 ||     4
Armor: Leather armour    |    14 |     7 ||    21
Dodge: Dodged            |    46 |    23 ||    69

Table legend: (Time is in decaauts)
 A = Elapsed time spent in this place.
 B = Non-inter-level travel time spent in this place.
 C = Inter-level travel time spent in this place.
 D = Time resting spent in this place.
 E = Time spent auto-exploring this place.
 F = Levels seen in this place.
 G = Mean time per level.
                   A        B        C        D        E       F      G
               +--------+--------+--------+--------+--------+-----+--------+
         Total |   2001 |   1921 |     80 |      0 |   1651 |   3 |  667.0 |
       Dungeon |   2001 |   1921 |     80 |      0 |   1651 |   3 |  667.0 |
               +--------+--------+--------+--------+--------+-----+--------+

Top non-repeatable levels by time:
     D:1: 984 daAuts
     D:2: 958 daAuts
     D:3: 57 daAuts
